 Dungeon Crawl Stone Soup version 0.22.0-5-gf09313c (webtiles) character file.

5665 Gorglomux the Cleaver (level 10, -3/96 HPs)
             Began as a Deep Dwarf Skald on Aug 13, 2018.
             Was a Priest of Makhleb.
             Slain by a skeletal warrior
             ... wielding a +0 scimitar
             ... led by a skeletal warrior
              (16 damage)
             ... on level 9 of the Dungeon.
             The game lasted 00:05:22 (7875 turns).

Gorglomux the Cleaver (Deep Dwarf Skald)            Turns: 7875, Time: 00:05:23

Health: -3/96      AC: 13    Str: 18    XL:     10   Next: 47%
Magic:  3/3        EV: 10    Int: 14    God:    Makhleb [***...]
Gold:   24         SH:  0    Dex: 12    Spells: 11/12 levels left

rFire    . . .     SeeInvis .   M - +0 broad axe
rCold    . . .     Gourm    .   (no shield)
rNeg     . . .     Faith    +   R - +4 scale mail {rPois}
rPois    +         Spirit   .   P - +0 helmet
rElec    .         Reflect  .   (no cloak)
rCorr    .         Harm     .   (no gloves)
MR       +....                  (no boots)
Stlth    ..........             T - amulet of faith
HPRegen  0.00/turn              o - ring of poison resistance
MPRegen  0.08/turn              (no ring)

@: non-regenerating
A: damage resistance, heal wounds, sense surroundings 2, no regeneration
a: Heal Wounds, Minor Destruction, Lesser Servant of Makhleb, Renounce Religion


You were on level 9 of the Dungeon.
You worshipped Makhleb.
Makhleb was most pleased with you.
You were hungry.

You visited 1 branch of the dungeon, and saw 9 of its levels.

You collected 424 gold pieces.
You spent 400 gold pieces at shops.

Inventory:

Hand Weapons
 M - a +0 broad axe (weapon)
Missiles
 Z - 2 throwing nets (quivered)
Armour
 g - a +0 scale mail
 P - a +0 helmet (worn)
 R - a +4 scale mail of poison resistance (worn)
Jewellery
 o - a ring of poison resistance (left hand)
 O - an uncursed ring of resist corrosion {unknown}
 T - an amulet of faith (around neck)
Wands
 I - a wand of iceblast (9)
Scrolls
 e - 2 scrolls of enchant armour {unknown}
 i - 11 scrolls of identify {unknown}
 k - 4 scrolls of fear {unknown}
 l - 4 scrolls of remove curse {unknown}
 p - 3 scrolls of blinking {unknown}
 q - 3 scrolls of magic mapping {unknown}
 r - 3 scrolls of teleportation {unknown}
 S - 2 scrolls of fog {unknown}
 W - a scroll of enchant weapon {unknown}
 Y - 4 scrolls of amnesia {unknown}
Potions
 f - 2 potions of heal wounds
 j - 2 potions of berserk rage {unknown}
 m - 3 potions of haste
 K - a potion of experience {unknown}
 N - a potion of agility {unknown}
 Q - 8 potions of curing
 U - a potion of flight {unknown}
 V - 3 potions of ambrosia {unknown}
 X - 2 potions of degeneration {unknown}
Comestibles
 d - 20 rations
 L - 24 chunks of flesh


   Skills:
 + Level 7.7 Fighting
 + Level 9.3 Axes
 + Level 9.1 Armour
 - Level 2.1 Dodging
 - Level 1.7 Spellcasting
 - Level 2.6 Charms
 + Level 8.6 Invocations


You had 11 spell levels left.
You knew the following spells:

 Your Spells              Type           Power        Failure   Level  Hunger
a - Infusion              Chrm           #...         22%         1    ##.....

Your spell library contained the following spells:

 Spells                   Type           Power        Failure   Level  Hunger
 Animate Dead             Necr           N/A          99%         4    #####..
 Pain                     Necr           #...         54%         1    ##.....
 Animate Skeleton         Necr           N/A          54%         1    ##.....
 Vampiric Draining        Necr           #.........   88%         3    ####...
 Regeneration             Chrm/Necr      #.........   73%         3    ####...
 Shroud of Golubria       Chrm/Tloc      #.........   50%         2    ###....
 Song of Slaying          Chrm           #.......     32%         2    ###....
 Spectral Weapon          Hex/Chrm       #.......     73%         3    ####...


Dungeon Overview and Level Annotations

Branches:
Dungeon (9/15)             Temple (0/1) D:6
   Lair: D:8-11         Orc: D:9-12

Altars:
Fedhas
Hepliaklqana
Makhleb

Shops:
D:9 !

Annotations:
D:6 3 runed doors, Uhlv's ghost, novice MfGl
D:7 1 runed door
D:9 exclusion: ice statue


Innate Abilities, Weirdness & Mutations

You are resistant to damage.
You can heal yourself by infusing magical energy.
You passively map the area around you.
You do not regenerate.


Message History

Your hellwing butt-ly misses the skeletal warrior!
Your hellwing closely misses the skeletal warrior!
You butt the skeletal warrior like a ripe choko!
The skeletal warrior is almost destroyed!
The skeletal butt hits you with a scimitar!!! * * * don't die
* * * Your hellwing hits the skeletal warrior!!!
Your hellwing hits the skeletal warrior but does no butt!
You closely miss the skeletal warrior!
The skeletal warrior is almost destroyed!
The skeletal warrior hits you with a scimitar!!! * * * don't die
* * * Your hellwing hits the skeletal warrior but does no damage!
Your hellwing barely misses the skeletal warrior!
You chop the skeletal warrior but do no damage!
The skeletal warrior is almost destroyed!
Your hellwing closely misses the skeletal warrior!
Your hellwing hits the skeletal warrior but does no damage!
The skeletal butt hits you with a scimitar!!!!!! rip

,*
#######.##...##.#
,
#........#...##.#
,*
#........'.......
# *
#........######.#
##.### #........#
#.# #%....*
###############..
#.....######
#.......
#.....'...4##
#.#####.
#.....##.z@.# #.#
#. #..... #)...#
#.# #. #.....
#....# #.# #.
#..... #..).# #.#
## #..... #....#
#.# #..... #....#
#.# ######
#..()########.#
#..)......)...#
###(#.#########


You could see a skeletal warrior and a friendly hellwing.

Vanquished Creatures
  A two-headed ogre (D:9)
  Pikel (D:5)
  3 trolls (D:9)
  Grinder (D:4)
  Sigmund (D:3)
  Menkaure (D:6)
  3 orc warriors
  3 sky beasts
  2 black bears
  An ice beast (D:7)
  2 slaves (D:5)
  3 ogres
  A phantom (D:8)
  2 centaurs (D:9)
  8 bullfrogs
  Blork the orc (D:4)
  A scorpion (D:7)
  A water moccasin skeleton (D:5)
  4 killer bees (D:7)
  4 wights (D:9)
  4 crimson imps
  A bullfrog zombie (D:9)
  A centaur zombie (D:5)
  4 orc priests
  5 hounds
  2 jellies
  3 orc wizards
  A bullfrog skeleton (D:5)
  A centaur skeleton (D:5)
  3 iguanas
  Ijyb (D:4)
  5 worker ants
  A hound zombie (D:7)
  9 adders
  A shadow imp (D:5)
  An ooze (D:1)
  A worm (D:3)
  3 dart slugs
  A leopard gecko (D:1)
  33 orcs
  A ball python (D:5)
  11 bats
  7 giant cockroaches
  6 goblins
  6 hobgoblins
  14 jackals
  3 quokkas
  3 frilled lizards (D:2)
  7 kobolds
  4 rats
187 creatures vanquished.

Vanquished Creatures (others)
  Eustachio (D:4)
  A slave (D:5)
2 creatures vanquished.

Grand Total: 189 creatures vanquished

Notes
Turn   | Place    | Note
-------+----------+-------------------------------------------
     0 | D:1      | Gorglomux the Deep Dwarf Skald began the quest for the Orb.
     0 | D:1      | Reached XP level 1. HP: 19/19 MP: 3/3
    97 | D:1      | Reached XP level 2. HP: 20/26 MP: 4/4
   377 | D:2      | Reached XP level 3. HP: 19/32 MP: 5/5
   407 | D:2      | Reached skill level 3 in Axes
   853 | D:2      | Reached XP level 4. HP: 32/40 MP: 5/5
  1577 | D:3      | Noticed Sigmund
  1599 | D:3      | Killed Sigmund
  1599 | D:3      | Reached skill level 3 in Fighting
  1599 | D:3      | Reached skill level 3 in Armour
  1599 | D:3      | Reached XP level 5. HP: 49/49 MP: 4/4
  1599 | D:3      | Reached XP level 6. HP: 56/56 MP: 5/5
  1651 | D:3      | Found a blossoming altar of Fedhas.
  1851 | D:4      | Noticed Eustachio
  1972 | D:4      | Killed Eustachio
  2121 | D:4      | Noticed Ijyb
  2131 | D:4      | Noticed Grinder
  2139 | D:4      | Paralysed by Grinder for 4 turns
  2144 | D:4      | Paralysed by Grinder for 5 turns
  2155 | D:4      | Killed Ijyb
  2155 | D:4      | Reached XP level 7. HP: 28/64 MP: 4/4
  2158 | D:4      | Paralysed by Grinder for 2 turns
  2179 | D:4      | Killed Grinder
  2215 | D:4      | Found a burning altar of Makhleb.
  2301 | D:4      | Became a worshipper of Makhleb the Destroyer
  2692 | D:4      | Noticed Blork the orc
  2708 | D:4      | Killed Blork the orc
  2932 | D:5      | Entered Level 5 of the Dungeon
  2955 | D:5      | Reached skill level 1 in Invocations
  3062 | D:5      | Noticed Pikel
  3132 | D:5      | Killed Pikel
  3132 | D:5      | Reached skill level 6 in Axes
  3132 | D:5      | Reached skill level 6 in Armour
  3132 | D:5      | Reached skill level 3 in Invocations
  3132 | D:5      | Reached XP level 8. HP: 32/74 MP: 5/5
  3509 | D:5      | Reached * piety under Makhleb
  3743 | D:6      | Noticed Menkaure
  3753 | D:6      | Killed Menkaure
  3840 | D:6      | Noticed an ogre mage
  3841 | D:6      | Noticed Uhlv's ghost (novice MfGl)
  3842 | D:6      | Noticed a hornet
  3847 | D:6      | Found a runed gate.
  3847 | D:6      | Found a runed gate.
  3847 | D:6      | Found a runed gate.
  4072 | D:6      | Reached skill level 6 in Fighting
  4159 | D:6      | Found a hazy altar of Hepliaklqana.
  4252 | D:6      | Gained mutation: You passively map the area around you. [Deep Dwarf growth]
  4252 | D:6      | Reached XP level 9. HP: 49/82 MP: 5/5
  4315 | D:6      | Found a staircase to the Ecumenical Temple.
  5079 | D:7      | Got a bound platinum ring
  5090 | D:7      | Identified the ring of Gukon {rN+ MP+9} (You found it on level 7 of the Dungeon)
  5405 | D:7      | Found a runed door.
  5503 | D:7      | Reached skill level 6 in Invocations
  5772 | D:7      | Reached ** piety under Makhleb
  7028 | D:9      | Noticed a troll
  7047 | D:9      | Killed a troll
  7125 | D:9      | Reached XP level 10. HP: 68/94 MP: 6/6
  7134 | D:9      | Reached *** piety under Makhleb
  7249 | D:9      | Noticed an ice statue
  7298 | D:9      | Noticed a two-headed ogre
  7322 | D:9      | Killed a two-headed ogre
  7322 | D:9      | Reached skill level 9 in Axes
  7504 | D:9      | Reached skill level 9 in Armour
  7807 | D:9      | Found Foennesi's Distillery.
  7815 | D:9      | Bought 2 potions of haste for 320 gold pieces
  7815 | D:9      | Bought a potion of heal wounds for 80 gold pieces
  7837 | D:9      | Noticed a skeletal warrior
  7875 | D:9      | Slain by a skeletal warrior

Skill      XL: |  1  2  3  4  5  6  7  8  9 10 |
---------------+-------------------------------+-----
Fighting       | 2 3 4 5 6 7 |  7.7
Armour         | 2 3 4 6 7 8 9 |  9.1
Axes           | 3 4 5 6 7 8 9 |  9.3
Invocations    | 3 5 7 8 |  8.6
Dodging        | |  2.1
Spellcasting   | |  1.7
Charms         | |  2.6

Action                   |  1- 3 |  4- 6 |  7- 9 | 10-12 || total
-------------------------+-------+-------+-------+-------++-------
Melee: Hand axe          |   133 |   257 |   776 |       ||  1166
       Broad axe         |       |       |    40 |   137 ||   177
Invok: Minor Destruction |       |       |     1 |     5 ||     6
       Lesser Servant of |       |       |       |     3 ||     3
 Abil: Heal Wounds       |     1 |    16 |    20 |    11 ||    48
  Use: Potion            |       |     1 |     1 |       ||     2
 Stab: Distracted        |       |       |       |     1 ||     1
  Eat: Chunk             |       |     4 |     8 |     2 ||    14
       Ration            |       |       |     3 |       ||     3
Armor: Leather armour    |     8 |       |       |       ||     8
       Scale mail        |    40 |   238 |   434 |    55 ||   767
Dodge: Dodged            |    70 |   268 |   440 |    82 ||   860
